[Event "2018 O2C Doeberl Cup Major"]
[Site "Canberra Southern Cross Club"]
[Date "2018.03.30"]
[Round "1.1"]
[White "Mcgowan, Cameron"]
[Black "Watson, James"]
[Result "1-0"]
[ECO "B22"]
[WhiteElo "1960"]
[BlackElo "1707"]
[PlyCount "33"]
[EventDate "2018.??.??"]
[TimeControl "90+30"]
[WhiteClock "1:17:32"]
[BlackClock "0:51:44"]

1. e4 c5 2. Nf3 g6 3. c3 d5 4. exd5 Qxd5 5. d4 Bg4 6. Be2 cxd4 7. cxd4 Nc6 8. h3 Bxf3 9. Bxf3 Qd7 10. d5 Ne5 11. Be2 Qd6 12. Nc3 Nd7 13.
Nb5 Qb8 14. Qc2 Qc8 15. Nc7+ Kd8 16. Bf4 Bh6 17. Bxh6 1-0

[Event "2018 O2C Doeberl Cup Major"]
[Site "Canberra Southern Cross Club"]
[Date "2018.03.31"]
[Round "3.1"]
[White "Mcgowan, Cameron"]
[Black "Mendes Da Costa, Alex"]
[Result "1-0"]
[ECO "C65"]
[WhiteElo "1960"]
[BlackElo "1907"]
[PlyCount "97"]
[EventDate "2018.??.??"]
[TimeControl "90+30"]

1. e4 e5 2. Nf3 Nc6 3. Bc4 Bc5 4. c3 Qe7 5. O-O d6 6. d3 Nf6 7. h3 Be6 8. Bb5 Bd7 9. Re1 O-O 10. Nbd2 a6 11. Ba4 Rad8 12. Nf1 Rfe8 13. Bg5 Qf8 14. Bxf6 gxf6 15. Ng3 b5 16. Bb3 Qh6 17. Rf1 Ne7 18.
Nh2 f5 19. exf5 Nxf5 20. Ng4 Qg6 21. Ne4 Kh8 22. Nxc5 dxc5 23. f4 Ng3 24. Nxe5 Rxe5 25. fxe5 Nxf1 26. Qxf1 Be6 27. Bxe6 fxe6 28. Qf6+ Qxf6 29. exf6 Kg8 30. Rf1 Rxd3 31. Rf2 Kf7 32. Kh2 b4 33. c4 b3 34. axb3 Rxb3 35. g4 Rb4 36. g5 Rxc4 37. Kg3 Rd4 38.
h4 a5 39. h5 Rd5 40. g6+ hxg6 41. hxg6+ Kf8 42. Kg4 Rd1 43. f7 Rg1+ 44. Kh5 c4 45. Rd2 Ke7 46. Rd7+ Kxd7 47. f8=Q Rh1+ 48. Kg5 Rg1+ 49. Kh6 1-0

[Event "2018 O2C Doeberl Cup Major"]
[Site "Canberra Southern Cross Club"]
[Date "2018.03.31"]
[Round "4.1"]
[White "Clarke, Matthew"]
[Black "Mcgowan, Cameron"]
[Result "1-0"]
[ECO "E99"]
[WhiteElo "1929"]
[BlackElo "1960"]
[PlyCount "75"]
[EventDate "2018.??.??"]
[TimeControl "90+30"]

1. d4 Nf6 2. c4 g6 3. Nc3 Bg7 4. e4 d6 5. Nf3 O-O 6. Be2 e5 7. O-O Nc6 8. d5 Ne7 9. Ne1 Nd7 10. Be3 f5 11. f3 f4 12. Bf2 g5 13. Rc1 Rf6 14. Nd3 Rh6 15.
c5 Qe8 16. g4 fxg3 17. Bxg3 a6 18. cxd6 cxd6 19. Rf2 Ng6 20. Qa4 Nf4 21. Bf1 Bf6 22. b4 Bd8 23. Rfc2 Bb6+ 24. Bf2 Bxf2+ 25. Nxf2 b5 26. Nxb5 Nb6 27. Qa5 Qh5 28. Nh1 axb5 29. Qxb6 Bh3 30. Qe3 Rf8 31. Ng3 Qh4 32. Bxh3 Nxh3+ 33. Kh1 Qf4 34. Qxf4 gxf4 35. Nf5 Rg6 36. Ne7+ Kf7 37. Nxg6 Kxg6 38. Rg2+ 1-0

[Event "2018 O2C Doeberl Cup Major"]
[Site "Canberra Southern Cross Club"]
[Date "2018.04.01"]
[Round "5.1"]
[White "Bayaca, Sterling"]
[Black "Clarke, Matthew"]
[Result "1/2-1/2"]
[ECO "B50"]
[WhiteElo "1764"]
[BlackElo "1929"]
[PlyCount "134"]
[EventDate "2018.??.??"]
[TimeControl "90+30"]

1. e4 c5 2. Nf3 d6 3. c3 Nf6 4. Be2 g6 5. O-O Bg7 6. d3 O-O 7. h3 Nc6 8. Be3 b6 9. Nbd2 Bb7 10. d4 cxd4 11. cxd4 d5 12. e5 Ne4 13. Qb1 Nxd2 14. Nxd2 Rc8 15. Rc1 Qd7 16. Rc3 Na5 17. Rxc8 Rxc8 18. Qd1 Nc4 19. Nxc4 dxc4 20. Rc1 b5 21. Qd2 e6 22. Rd1 Bd5 23. Qa5 Qb7 24. Bf1 Bf8 25. Bd2 b4 26. Rc1 Qb6 27. Qxb6 axb6 28. Bd3 b5 29. Bb1 Be7 30. f3 f5 31. Kf2 Kf7 32. g3 Ke8 33. Be1 Kd7 34. f4 Rc6 35. Bd2 Kc7 36. Be1 Kb6 37. Bd2 Ka5 38. a3 Ka4 39. axb4 Be4 40. Bc3 Bxb1 41. Rxb1 Bxb4 42. Ra1+ Kb3 43. Bxb4 Kxb4 44. Ra3 Rc7 45. Ke3 Rd7 46. g4 h6 47. gxf5 gxf5 48. Ra6 Re7 49. Rb6 Ka5 50. Rc6 Ka4 51. Kd2 Kb3 52. Rb6 b4 53. Kc1 c3 54. bxc3 Kxc3 55. Rd6 Rg7 56. Rc6+ Kxd4 57. Rxe6 h5 58. Rb6 Kc5 59. Rb8 Rg3 60. e6 Re3 61. Rf8 Kd6 62. Rxf5 Rxh3 63. Re5 Ke7 64. f5 Rf3 65. f6+ Rxf6 66. Rxh5 Rxe6 67. Kb2 Rb6 1/2-1/2

[Event "2018 O2C Doeberl Cup Major"]
[Site "Canberra Southern Cross Club"]
[Date "2018.04.01"]
[Round "6.1"]
[White "Tsagarakis, Angelo"]
[Black "Clarke, Matthew"]
[Result "0-1"]
[ECO "B22"]
[WhiteElo "1763"]
[BlackElo "1929"]
[PlyCount "74"]
[EventDate "2018.??.??"]
[TimeControl "90+30"]

1. e4 c5 2. c3 d5 3. exd5 Qxd5 4. Na3 Nc6 5. d4 cxd4 6. Nb5 Qd8 7. cxd4 a6 8. Qa4 Bf5 9. d5 axb5 10. Qxb5 Ra5 11. Qxb7 Qxd5 12. Be3 e5 13. Rd1 Bb4+ 14. Bd2 Ra7 15. Qb5 Rd7 16. Nf3 Nge7 17. a3 Bxd2+ 18. Rxd2 Qe4+ 19. Be2 Rxd2 20. Nxd2 Qxg2 21. Bf3 Qg6 22. Nc4 e4 23. Be2 O-O 24. Qc5 Qf6 25. Ne3 Bg6 26. h4 h6 27. b4 Qa1+ 28.
Bd1 Qxa3 29. h5 Bh7 30. Rg1 Qxb4+ 31. Qxb4 Nxb4 32. Bb3 Nd3+ 33. Kf1 Rb8 34. Bc2 Ra8 35. Ke2 Nc6 36. Bb1 Nd4+ 37. Kd2 Nf3+ 0-1

[Event "2018 O2C Doeberl Cup Major"]
[Site "Canberra Southern Cross Club"]
[Date "2018.04.02"]
[Round "7.1"]
[White "Clarke, Matthew"]
[Black "Mendes Da Costa, Alex"]
[Result "1-0"]
[ECO "D02"]
[WhiteElo "1929"]
[BlackElo "1907"]
[PlyCount "137"]
[EventDate "2018.??.??"]
[TimeControl "90+30"]

1. d4 Nf6 2. Bf4 d5 3. e3 c5 4. c3 Nc6 5. Nd2 e6 6. Ngf3 Be7 7. Ne5 Qb6 8. Rb1 Nxe5 9. dxe5 Nd7 10. Bd3 Nf8 11. Nf3 Bd7 12. Qe2 Bc6 13. h4 h6 14. h5 Nd7 15. O-O O-O-O 16. b4 cxb4 17. cxb4 Ba4 18. Nd4 Kb8 19. Qb2 a6 20. Qa3 Bb5 21. Bxb5 axb5 22. Qd3 Rc8 23. Qxb5 Qxb5 24. Nxb5 Rc4 25. a3 Rhc8 26. Rfd1 b6 27. Rd4 Kb7 28. Rxc4 Rxc4 29. Rb3 Ka6 30. Nd4 b5 31. g4 Nb6 32. Kg2 Na4 33. Nf3 Nc3 34. Nd2 Rc8 35. Kf3 Na2 36. Nb1 Rc2 37. Rd3 Rc4 38. Rd4 Nc1 39. Rxc4 bxc4 40. Nc3 Nd3 41. Bg3 f6 42. Bh4 Nxe5+ 43. Kg3 Bd6 44. f4 Nd3 45. Kf3 f5 46. gxf5 exf5 47. Nxd5 Kb5 48. Nc3+ Kc6 49. Ke2 Kd7 50. Kd2 Kc6 51. Bd8 Nf2 52. Bh4 Nd3 53. Ne2 Kd5 54. Ng3 Nf2 55. Nxf5 Ne4+ 56. Kc2 Bf8 57. Be7 Bxe7 58. Nxe7+ Ke6 59. Ng6 Ng3 60. a4 Nxh5 61. a5 Nf6 62. Kc3 Kd5 63. Ne7+ Ke6 64. Ng6 Kd5 65. b5 Kc5 66. b6 Ne4+ 67. Kc2 Nd6 68. b7 Nxb7 69. a6 1-0

[Event "2018 O2C Doeberl Cup Minor"]
[Site "Canberra Southern Cross Club"]
[Date "2018.03.30"]
[Round "1.2"]
[White "Lo, Jonathan"]
[Black "Cooke, Steven"]
[Result "1/2-1/2"]
[ECO "C96"]
[WhiteElo "1050"]
[BlackElo "1576"]
[PlyCount "128"]
[EventDate "2018.??.??"]
[TimeControl "90+30"]
[WhiteClock "0:10:21"]
[BlackClock "0:54:16"]

1. e4 e5 2. Nf3 Nc6 3. Bb5 Nf6 4. O-O a6 5. Ba4 Be7 6. Re1 O-O 7. h3 b5 8. Bb3 d6 9. c3 Na5 10. Bc2 c5 11. d4 Nc6 12. d5 Nb8 13.
c4 Nbd7 14. Nbd2 Nb6 15. b3 h6 16. Bb2 Rb8 17. Rb1 g5 18.
g4 h5 19. Nh2 hxg4 20. hxg4 Kg7 21. Kg2 Rh8 22. Rh1 Qg8 23. f3 Qh7 24. Kf2 Qh4+ 25. Ke2 Nfd7 26. Qe1 Nf8 27. Qxh4 Rxh4 28. cxb5 axb5 29. Ndf1 Ng6 30. Bc1 Ra8 31. Ra1 Rh3 32. Kf2 Nf4 33. Ng3 Rh6 34. Bxf4 gxf4 35. Nf5+ Bxf5 36. gxf5 Rah8 37. Rhg1+ Kf8 38.
Ng4 Bh4+ 39. Ke2 R6h7 40. a4 bxa4 41. bxa4 Ke7 42. a5 Na8 43. Rgb1 Rc8 44. a6 Rhh8 45. a7 Kd7 46. Ba4+ Kc7 47. Bc6 Nb6 48. Rxb6 Kxb6 49. a8=N+ Rxa8 50. Rxa8 Rxa8 51. Bxa8 f6 52. Bc6 c4 53. Kd2 Kc5 54. Kc2 Kd4 55. Ba4 Kc5 56. Nh6 Be1 57. Ng4 Bh4 58. Nh2 Kd4 59. Nf1 c3 60. Bb5 Be1 61. Kb3 Bg3 62. Kc2 Be1 63. Nh2 Ke3 64. Nf1+ Kd4 1/2-1/2

[Event "2018 O2C Doeberl Cup Minor"]
[Site "Canberra Southern Cross Club"]
[Date "2018.03.30"]
[Round "2.2"]
[White "Ong, Weng Yan"]
[Black "Anand, Aditya"]
[Result "1-0"]
[ECO "C44"]
[WhiteElo "1388"]
[BlackElo "1189"]
[PlyCount "87"]
[EventDate "2018.??.??"]
[TimeControl "90+30"]
[WhiteClock "1:15:13"]
[BlackClock "0:51:34"]

1. e4 e5 2. Nf3 Nc6 3. c3 d6 4. d4 exd4 5. cxd4 Bg4 6. Be2 Nf6 7. O-O Be7 8. Nc3 O-O 9. Bf4 d5 10. exd5 Nxd5 11. Nxd5 Qxd5 12. Bxc7 Bf6 13. h3 Bxf3 14. Bxf3 Qxd4 15. Qxd4 Bxd4 16. Bxc6 bxc6 17. Rab1 Rfc8 18. Bf4 c5 19. Rfe1 Re8 20. b3 f6 21. Bd6 Kf7 22. Kf1 Re6 23. Rxe6 Kxe6 24. Bf4 Re8 25. Re1+ Kd7 26. Rxe8 Kxe8 27. Bb8 a6 28. Bf4 Kd7 29. Ke2 Kc6 30. Be3 Bxe3 31. Kxe3 Kb5 32. a3 a5 33. Kd3 a4 34. bxa4+ Kxa4 35. Kc4 Kxa3 36. Kxc5 Kb3 37. Kd5 Kc2 38. Ke6 Kd2 39. Kf7 Ke2 40. Kxg7 Kxf2 41. Kxf6 Kxg2 42. h4 Kg3 43. h5 Kf4 44. h6 1-0

[Event "2018 O2C Doeberl Cup Minor"]
[Site "Canberra Southern Cross Club"]
[Date "2018.03.31"]
[Round "3.2"]
[White "Ho, Lachlan"]
[Black "Ong, Weng Yan"]
[Result "1-0"]
[ECO "C01"]
[WhiteElo "1259"]
[BlackElo "1388"]
[PlyCount "119"]
[EventDate "2018.??.??"]
[TimeControl "90+30"]
[WhiteClock "0:10:24"]
[BlackClock "0:35:59"]

1. e4 e6 2. d4 d5 3. exd5 exd5 4. c4 Nf6 5. Nf3 Be7 6. Nc3 O-O 7. Qb3 dxc4 8. Bxc4 Nbd7 9. Ng5 Nb6 10. Bxf7+ Kh8 11. Be6 Qxd4 12. Be3 Bxe6 13. Nxe6 Qe5 14. Nxf8 Bc5 15. Qe6 Re8 16. Qxe5 Rxe5 17. O-O-O Bxe3+ 18. fxe3 Re8 19. Rhf1 Kg8 20. Nxh7 Kxh7 21. e4 Nc4 22. Rd3 Nxe4 23. Rf4 Ned6 24. b3 Re1+ 25. Kc2 Ne5 26. Rd1 Re3 27. Nd5 Re2+ 28. Rd2 Rxd2+ 29. Kxd2 c6 30. Ne7 Kh6 31. Rd4 Nb5 32. Re4 Nd7 33. a4 Nc7 34. Rc4 Nf6 35. Nf5+ Kg6 36.
Nd6 b6 37. Rxc6 Ne6 38. Nb5 Nc5 39. Kc2 Kf5 40. Nxa7 Nd5 41.
Rd6 Ke5 42. Rg6 Ne6 43. Nc8 Kf5 44. Rg3 Kf6 45. Kd3 Nc5+ 46.
Kc4 Nf4 47. Nxb6 Nfe6 48. b4 Nb7 49. Kd5 Nf4+ 50. Kc6 Nd8+ 51. Kb5 Nfe6 52. Rd3 Nc7+ 53. Kc4 Nf7 54. Nd5+ Nxd5 55. Rxd5 Ke6 56. a5 Nd6+ 57. Rxd6+ Kxd6 58. Kb5 Kc7 59. Kc5 Kb7 60. b5 1-0

[Event "2018 O2C Doeberl Cup Minor"]
[Site "Canberra Southern Cross Club"]
[Date "2018.03.31"]
[Round "4.2"]
[White "Young, Dashiell"]
[Black "Rowland, Adam"]
[Result "1-0"]
[ECO "D44"]
[WhiteElo "1259"]
[BlackElo "1361"]
[PlyCount "39"]
[EventDate "2018.??.??"]
[TimeControl "90+30"]
[WhiteClock "1:16:08"]
[BlackClock "1:05:43"]

1. d4 Nf6 2. Nf3 d5 3. c4 c6 4. Nc3 e6 5. Bg5 dxc4 6. e4 b5 7. e5 h6 8. Bh4 g5 9. Nxg5 hxg5 10. Bxg5 Nbd7 11. exf6 Bb7 12. a4 b4 13. Ne4 c5 14. Nxc5 Nxc5 15. dxc5 Bxc5 16. Bxc4 Bxg2 17. Bb5+ Kf8 18. Qg4 Bxh1 19. Bh6+ Rxh6 20. Qg7# 1-0

[Event "2018 O2C Doeberl Cup Minor"]
[Site "Canberra Southern Cross Club"]
[Date "2018.04.01"]
[Round "5.2"]
[White "Poyiatzis, Alexandros"]
[Black "Young, Dashiell"]
[Result "0-1"]
[ECO "B50"]
[WhiteElo "1299"]
[BlackElo "1259"]
[PlyCount "148"]
[EventDate "2018.??.??"]
[TimeControl "90+30"]
[WhiteClock "0:06:53"]
[BlackClock "0:13:10"]

1. e4 c5 2. Nc3 a6 3. Nf3 Nc6 4. d3 d6 5. g3 Nf6 6. Bg2 e6 7. O-O Be7 8. Bd2 O-O 9. Qe2 Rb8 10. a4 b5 11. Nd1 Bb7 12. c3 c4 13. axb5 axb5 14. Nd4 Ne5 15.
dxc4 Nxc4 16. Be1 Qb6 17. b3 Ne5 18. f4 Neg4 19. h3 e5 20.
hxg4 exd4 21. Bf2 Qc6 22. Bxd4 Nxe4 23. Qc2 d5 24. Re1 Bc5 25. Bxe4 Bxd4+ 26. cxd4 dxe4 27. Qxc6 Bxc6 28. Nc3 Rfe8 29. Re3 Ra8 30. Rae1 Red8 31. d5 Bxd5 32. Nxd5 Rxd5 33. Rxe4 Kf8 34. Re5 Rad8 35. b4 f6 36. Re6 R5d6 37. f5 Rd4 38. R1e4 Rxe4 39. Rxe4 Rd3 40. Kf2 Rb3 41. Rd4 g6 42. Kg2 Kg7 43. Rd7+ Kh6 44. g5+ Kxg5 45. fxg6 Kxg6 46. Rd4 f5 47. Kh3 Kf6 48. Kh4 Ke5 49. Rf4 Re3 50. Rf1 Re4+ 51. Kg5 Rg4+ 52. Kh6 Rxg3 53. Kxh7 Rb3 54. Re1+ Kd4 55. Kg6 f4 56. Kf5 f3 57. Re4+ Kc3 58. Rf4 Kd2 59. Ke5 Re3+ 60. Kd5 Ke2 61. Kc5 Re5+ 62. Kd6 Rg5 63. Re4+ Kf2 64. Kc6 Kg2 65. Rd4 f2 66. Rd2 Kg1 67. Rd1+ f1=Q 68. Rxf1+ Kxf1 69. Kb6 Ke2 70. Ka5 Kd3 71. Kb6 Kc3 72. Ka5 Kc4 73. Kb6 Kxb4 74. Kc6 Kc4 0-1

[Event "2018 O2C Doeberl Cup Minor"]
[Site "Canberra Southern Cross Club"]
[Date "2018.04.01"]
[Round "6.2"]
[White "Young, Dashiell"]
[Black "Lee, Lachlan"]
[Result "0-1"]
[ECO "D43"]
[WhiteElo "1259"]
[BlackElo "1211"]
[PlyCount "60"]
[EventDate "2018.??.??"]
[TimeControl "90+30"]
[WhiteClock "0:41:49"]
[BlackClock "0:11:09"]

1. d4 Nf6 2. Nf3 d5 3. c4 e6 4. Bg5 h6 5. Bxf6 Qxf6 6. Nc3 c6 7. e3 Nd7 8. cxd5 exd5 9. Be2 Qd8 10. O-O Be7 11. a3 O-O 12. b4 a6 13.
Qb3 Nf6 14. a4 Bf5 15. b5 axb5 16. axb5 Qd6 17. Ne5 Ne4 18. Nxe4 Bxe4 19. bxc6 bxc6 20. Qb6 Rac8 21. Rfc1 c5 22. Qxd6 Bxd6 23. Nd7 Rfd8 24. Nxc5 Rc7 25. Ba6 Ra8 26. Nb3 Bc2 27. Nd2 Bf5 28. Be2 Rxc1+ 29. Rxc1 Ra2 30. e4 Rxd2 0-1

[Event "2018 O2C Doeberl Cup Minor"]
[Site "Canberra Southern Cross Club"]
[Date "2018.04.02"]
[Round "7.1"]
[White "Lee, Lachlan"]
[Black "Yang, Oliver"]
[Result "0-1"]
[ECO "A45"]
[WhiteElo "1211"]
[BlackElo "1336"]
[PlyCount "46"]
[EventDate "2018.??.??"]
[TimeControl "90+30"]
[WhiteClock "0:51:59"]
[BlackClock "0:34:37"]

1. d4 Nf6 2. Bf4 g6 3. Nc3 d5 4. e3 Bg7 5. h4 c5 6. Be2 Nc6 7. h5 Ne4 8. hxg6 hxg6 9. Rxh8+ Bxh8 10. Nb5 e5 11. dxe5 Be6 12. f3 Qh4+ 13. g3 Nxg3 14. Kd2 Ke7 15. Bxg3 Qxg3 16. f4 d4 17. Nf3 Rd8 18. Nd6 dxe3+ 19. Kxe3 Nxe5 20. fxe5 Bxe5 21. Bd3 Bf4+ 22. Ke2 Qg2+ 23. Ke1 Bg3# 0-1